 Dungeon Crawl Stone Soup version 0.30.1-4-g462c640d31 (webtiles) character file.

Game seed: 7956365720419617388

43 Peloso the Trooper (level 3, -1/30 HPs)
             Began as a Barachi Fighter on Aug 22, 2023.
             Slain by a goblin
             ... wielding a +0 club
             ... led by Robin
              (4 damage)
             ... on level 1 of the Dungeon.
             The game lasted 00:02:21 (814 turns).

Peloso the Trooper (Barachi Fighter)                 Turns: 814, Time: 00:02:22

Health: -1/30      AC:  7    Str: 19    XL:     3   Next: 58%
Magic:  3/3        EV:  9    Int:  8    God:
Gold:   20         SH:  4    Dex: 11    Spells: 2/2 levels left

rFire   . . .        a - +0 long sword
rCold   . . .        c - +0 buckler
rNeg    . . .        b - +0 scale mail
rPois   .            (no helmet)
rElec   .            (no cloak)
rCorr   .            (no gloves)
SInv    .            (no boots)
Will    .....        (no amulet) Stlth
                     (no ring)
HPRegen 0.25/turn    (no ring)
MPRegen 0.08/turn

%: no passive effects
@: slow
A: amphibious, slowness 1, strong legs 1, +LOS
a: Hop


You were on level 1 of the Dungeon.
You visited 1 branch of the dungeon, and saw 2 of its levels.

You collected 20 gold pieces.

Inventory:

Hand Weapons
 a - a +0 long sword (weapon)
Armour
 b - a +0 scale mail (worn)
 c - a +0 buckler (worn)
Jewellery
 g - a +6 ring of strength
Potions
 d - a potion of might
 h - a potion of mutation


   Skills:
 + Level 4.2 Fighting
 + Level 3.1 Long Blades
 + Level 4.1 Armour
 + Level 0.3 Dodging
 + Level 3.6 Shields


You had 2 spell levels left.
You didn't know any spells.
Your spell library was empty.

Dungeon Overview and Level Annotations

Branches:
Dungeon (2/15)

Altars:

Annotations:
D:2 Robin


Innate Abilities, Weirdness & Mutations

You are amphibious.
You cover ground slowly.
You can hop short distances.
You have an extended range of vision and can be seen from far away.


Message History

The hobgoblin barely misses you. You block the hobgoblin's attack.
Robin's horned helmet rattles.
There is a stone staircase leading up here.
The goblin hits you with a +0 dagger. The hobgoblin barely misses you.
The goblin hits you with a +0 club.
You climb upwards.
There is a stone staircase leading down here.
Unknown command.
You hit the hobgoblin.
The hobgoblin is moderately wounded.
The goblin hits you but does no damage. The hobgoblin hits you.
* * * LOW HITPOINT WARNING * * *
You closely miss the hobgoblin.
The hobgoblin is moderately wounded.
The goblin closely misses you. The hobgoblin hits you.
* * * LOW HITPOINT WARNING * * *
You hit the hobgoblin.
You kill the hobgoblin!
You block the goblin's attack.
Unknown command.
You closely miss the goblin. The goblin hits you but does no damage.
The goblin hits you with a +0 club.
* * * LOW HITPOINT WARNING * * *
The goblin barely misses you. x2
Unknown command.
You hit the goblin.
The goblin is moderately wounded.
The goblin completely misses you. You block the goblin's attack.
You closely miss the goblin.
The goblin is moderately wounded.
The goblin hits you but does no damage. The goblin closely misses you.
You barely miss the goblin.
The goblin is moderately wounded.
The goblin misses you. You block the goblin's attack.
The goblin hits you but does no damage. The goblin barely misses you.
You barely miss the goblin.
The goblin is moderately wounded.
The goblin no longer looks unusually strong.
The goblin closely misses you. The goblin hits you with a +0 club.
You die...

#..# #....§...§...........#..
#.## #.#####.####.#######.... #.#
#.# #.# #.#### ##.#. #.# #.# #.#
#..).## ##.#. #.#
####.#####.####.....###†...
#.#####........................#.
#.##.##.##.#####.###...........#.
..#............#g# #.......##.###
#.##.##........#@# ##.....###.# #
#.##.#...#.#...#g####....####.# #
..##..#....#....g........>....# #
#........#......#.###...####### #
...............###......# #
#.##.#.#.##.....#.####..# ### #
#.##.##..###...#........# #.####
#.##.###.# ##)##..####.## #.#.##
#.##.# #.# #.##..# #.# #.#..#


You could see a hobgoblin (strong) and 2 goblins.

Vanquished Creatures
  3 dart slugs (D:1)
  2 endoplasms (D:1)
  2 giant cockroaches (D:1)
  6 goblins (D:1)
  5 hobgoblins (D:1)
  3 quokkas (D:1)
  3 ball pythons (D:1)
  7 bats (D:1)
  A kobold (D:1)
  2 rats (D:1)
34 creatures vanquished.

Vanquished Creatures (others)
  A goblin (D:2)
1 creature vanquished.

Grand Total: 35 creatures vanquished

Notes
Turn   | Place    | Note
-------+----------+-------------------------------------------
     0 | D:1      | Peloso the Barachi Fighter began the quest for the Orb.
     0 | D:1      | Reached XP level 1. HP: 18/18 MP: 1/1
   160 | D:1      | Reached XP level 2. HP: 25/25 MP: 2/2
   178 | D:1      | Found a faded altar of an unknown god.
   404 | D:1      | Reached XP level 3. HP: 30/30 MP: 3/3
   779 | D:2      | Noticed Robin
   814 | D:1      | Slain by a goblin

Illustrated notes

Levels and vault maps discovered:
D:1:      dpeg_arrival_court, layout_loops_ring,
          shapermc_ecumenical_altar_hornbeckon,
          hangedman_abyss_or_decor_lesser_grid
D:2:      layout_rooms, uniq_robin

Skill      XL: |  1  2  3 |
---------------+----------+-----
Armour         | 4 |  4.1
Fighting       | 4 |  4.2
Long Blades    | 3 |  3.1
Dodging        | |  0.3
Shields        | |  3.6

Action                     || total
---------------------------++-------
  Melee: Long sword        ||   119
    Use: Scroll            ||     4
 Armour: Scale mail        ||    84
  Dodge: Dodged            ||   106
  Block: Buckler           ||    39
